 Dungeon Crawl Stone Soup version 0.22-a0-252-gcace5d2 (webtiles) character file.

7383 Firecrotchwizard the Impaler (level 11, -20/80 HPs)
             Began as a Merfolk Gladiator on Mar 1, 2018.
             Was a Follower of Hepliaklqana.
             Demolished by a titanic slime creature (51 damage)
             ... on level 9 of the Dungeon on Mar 2, 2018.
             The game lasted 00:23:03 (7999 turns).

Firecrotchwizard the Impaler (Merfolk Gladiator)    Turns: 7999, Time: 00:23:03

Health: -20/80     AC:  9    Str: 18    XL:     11   Next: 14%
Magic:  0/11       EV: 19    Int: 11    God:    Hepliaklqana [*.....]
Gold:   434        SH:  0    Dex: 18    Spells: 10/10 levels left

rFire    + . .     SeeInvis +   u - +1 trident (vamp) {!w}
rCold    . . .     Gourm    .   (no shield)
rNeg     . . .     Faith    .   G - +0 ring mail (curse)
rPois    .         Spirit   +   v - +2 helmet of Lucidity {rCorr Int+4}
rElec    .         Reflect  .   (no cloak)
rCorr    +         Harm     .   H - +0 pair of gloves
MR       +....                  (no boots)
Stlth    +.........             p - amulet of guardian spirit {Spirit}
HPRegen  0.23/turn              s - ring of flight {+Fly, !d}
MPRegen  0.12/turn              J - ring of see invisible {sInv, !d}

@: no status effects
A: change form in water, swift swim, stealthy swim, reduced essence, fire
resistance 1, magic resistance 1, strong 1
a: Recall Ancestor, Ancestor Identity, Renounce Religion, Evoke Flight


You were on level 9 of the Dungeon.
You worshipped Hepliaklqana.
Hepliaklqana was aware of your devotion.
You were not hungry.

You visited 2 branches of the dungeon, and saw 10 of its levels.

You collected 434 gold pieces.

Inventory:

Hand Weapons
 a - a +0 trident
 k - a +1 dagger of freezing
   (You took it off a kobold on level 2 of the Dungeon)
 u - a +1 vampiric trident (weapon) {!w}
   (You took it off Robin on level 2 of the Dungeon)
 x - a +0 dagger of pain
   (You took it off an orc wizard on level 3 of the Dungeon)
 M - a +1 dagger of chaos
   (You took it off Psyche on level 9 of the Dungeon)
Missiles
 d - 3 throwing nets {=f, !d}
Armour
 b - a +0 leather armour
 c - a +0 helmet
 e - a +0 ring mail
   (You found it on level 1 of the Dungeon)
 v - the +2 helmet of Lucidity (worn) {rCorr Int+4}
   (You took it off Robin on level 2 of the Dungeon)

   It affects your intelligence (+4).
   It protects you from acid and corrosion.
 G - a cursed +0 ring mail (worn)
   (You found it on level 5 of the Dungeon)
 H - a +0 pair of gloves (worn)
   (You found it on level 6 of the Dungeon)
 L - the +0 plate armour of the Turtle {Str+5 Dex+6, unknown}
   (You found it on level 9 of the Dungeon)

   It affects your strength (+5).
   It affects your dexterity (+6).
Jewellery
 p - an amulet of guardian spirit (around neck) {Spirit}
   (You found it on level 4 of the Dungeon)
 s - a ring of flight (left hand) {+Fly, !d}
   (You found it on level 2 of the Dungeon)
 E - an uncursed amulet of rage {+Rage, !d}
   (You found it on level 4 of the Dungeon)
 J - a ring of see invisible (right hand) {sInv, !d}
   (You found it on level 6 of the Dungeon)
Wands
 N - a wand of enslavement (5)
   (You found it on level 7 of the Dungeon)
 P - a wand of digging (17)
   (You took it off Grum on level 8 of the Dungeon)
 Q - a wand of acid (6)
   (You found it on level 8 of the Dungeon)
Scrolls
 g - 2 scrolls of teleportation
 h - 9 scrolls of identify
 i - 2 scrolls of fear {unknown}
 l - 3 scrolls of amnesia {unknown}
 n - a scroll of random uselessness {unknown}
 o - 3 scrolls of immolation {!r}
 y - 6 scrolls of remove curse
 A - a scroll of blinking {unknown}
 F - a scroll of noise {unknown}
 K - 3 scrolls of magic mapping {!r}
Potions
 j - 2 potions of magic {unknown}
 m - 3 potions of haste
 q - 2 potions of degeneration {unknown}
 r - 3 potions of invisibility
 t - a potion of lignification {unknown}
 w - a potion of ambrosia {unknown}
 z - 2 potions of curing
 B - a potion of cancellation {unknown}
 C - a potion of might
 D - a potion of flight {unknown}
 I - a potion of heal wounds {unknown}
Comestibles
 f - 9 rations {@e1}
 O - 2 chunks of flesh {@w0}


   Skills:
 + Level 9.5 Fighting
 * Level 16.3 Polearms
 - Level 2.0 Throwing
 + Level 11.5 Dodging


You had 10 spell levels left.
You didn't know any spells.

Dungeon Overview and Level Annotations

Branches:
Dungeon (9/15)             Temple (1/1) D:5            Lair (0/6) D:8
    Orc: D:9-12

Altars:
Ashenzari
Cheibriados
Dithmenos
Elyvilon
Fedhas
Gozag
Hepliaklqana
Kikubaaqudgha
Makhleb
Nemelex Xobeh
Okawaru
Qazlal
Ru
Sif Muna
Trog
Uskayaw
Vehumet
Wu Jian
Xom
Yredelemnul
Zin
The Shining One

Shops:
D:8 =

Annotations:
D:8 Joseph


Innate Abilities, Weirdness & Mutations

You revert to your normal form in water.
You are very nimble and swift while swimming.
You are very stealthy in the water. (Stealth+)
Your life essence is reduced to manifest your ancestor. (-10% HP)
Your flesh is heat resistant. (rF+)
You are resistant to hostile enchantments. (MR+)
Your muscles are strong. (Str +2)


Message History

The gnoll hits you but does no damage.
You take 1 damage, and have 58/80 hp.
You now have 5/11 mp.
As you read the scroll labeled SOTYZU CEEGIL, it crumbles to dust.
You feel aware of your surroundings.
It was a scroll of magic mapping.
The gnoll barely misses you. Joseph misses you.
The orc priest invokes the aid of Beogh against you.
Beogh smites you! The gnoll misses you.
You take 7 damage, and have 51/80 hp.
You now have 4/11 mp.
As you read the scroll labeled REXIRPH HIVVOSE, it crumbles to dust.
You feel strangely unstable.
It was a scroll of teleportation.
The gnoll misses you.
The two-headed ogre hits you with a giant spiked club.
The two-headed ogre hits you with a giant club!
The orc priest invokes the aid of Beogh against you.
Beogh smites you!
* * * LOW HITPOINT WARNING * * *
Joseph barely misses you. The gnoll barely misses you.
You take 27 damage, and have 24/80 hp.
MASSIVE DAMAGE!!
You now have 2/11 mp.
Joseph unwields an uncursed quarterstaff.
Joseph wields an uncursed hunting sling.
Joseph shoots a sling bullet.
The sling bullet hits you.
* * * LOW HITPOINT WARNING * * *
You see here a sling bullet.
You take 2 damage, and have 22/80 hp.
Your surroundings suddenly seem different.
Found a staircase to the Lair.
An ice beast comes into view.
There is a stone staircase leading down here.
You climb downwards.
There is a stone staircase leading up here.
You start resting.
A slime creature comes into view.
You regained 2 hp, and now have 26/80 hp.
A slime creature is nearby!
You see here a pair of gloves.
A slime creature comes into view.
The slime creature quivers.
You see here a water moccasin skeleton.
You barely miss the slime creature. The slime creature misses you.
You hit the slime creature. You completely miss the slime creature.
The slime creature hits you!
* * * LOW HITPOINT WARNING * * *
You take 8 damage, and have 19/80 hp.
You now have 3/11 mp.
You hit the slime creature but do no damage.
The slime creature completely misses you.
You puncture the slime creature!
You feel better.
You regained 5 hp, and now have 25/80 hp.
You puncture the slime creature!
You feel better. The slime creature hits you.
A slime creature comes into view.
The slime creature quivers.
You hit the slime creature.
You feel better.
You regained 5 hp, and now have 30/80 hp.
You hit the slime creature. The slime creature closely misses you.
Two slime creatures merge to form a large slime creature.
A slime creature comes into view.
The slime creature quivers.
You puncture the large slime creature!
You feel better.
You regained 6 hp, and now have 36/80 hp.
You puncture the large slime creature!
You feel better.
You regained 16 hp, and now have 52/80 hp.
You puncture the large slime creature!
The large slime creature closely misses you.
You puncture the large slime creature!
A slime creature comes into view.
You hit the large slime creature but do no damage.
The large slime creature closely misses you.
You hit the large slime creature.
You feel better.
Two slime creatures merge to form a large slime creature.
The large slime creature hits you!!
* * * LOW HITPOINT WARNING * * *
You take 30 damage, and have 23/80 hp.
MASSIVE DAMAGE!!
You now have 2/11 mp.
You barely miss the large slime creature.
You completely miss the large slime creature.
The large slime creature barely misses you.
Two slime creatures merge to form a very large slime creature.
You hit the large slime creature but do no damage.
You puncture the large slime creature!
You feel better. The large slime creature hits you!
* * * LOW HITPOINT WARNING * * *
Two slime creatures merge to form a titanic slime creature.
You take 13 damage, and have 10/80 hp.
You now have 1/11 mp.
You puncture the titanic slime creature!
You feel better.
You regained 12 hp, and now have 22/80 hp.
You puncture the titanic slime creature!
You feel better.
You regained 5 hp, and now have 27/80 hp.
You puncture the titanic slime creature!
You feel better.
The titanic slime creature closely misses you.
You regained 4 hp, and now have 31/80 hp.
You puncture the titanic slime creature!
You barely miss the titanic slime creature.
The titanic slime creature hits you!!!
Ouch! That really hurt!
You die...

#. ... ...# #.. ..# . #.#
###..# #.. #.##.....# #.##
##.#..# #.# #..###....# #.#
### ###......[#####.#####..
..# #........<[.@J).......(
..###.#...#.#######.####.<.
......................
......#...#)####......#
.O#####...#.# ####.... ..#
##...##.###### ..... ..#
#..#..........# ....#. ..#
#.#####.#####.# ..... ###
#.# #.#


You could see a titanic slime creature.

Vanquished Creatures
  2 two-headed ogres
  Pikel (D:8)
  Psyche (D:9)
  A slime creature (D:9)
  The ghost of aubilenon the Changer, an amateur OpTm (D:4)
  A hippogriff (D:8)
  A yak (D:8)
  The ghost of scythe the Cutter, an amateur DsFi (D:3)
  Grum (D:8)
  A water moccasin (D:9)
  2 ice beasts (D:5)
  3 phantoms
  An orc warrior (D:6)
  2 sky beasts
  A necrophage (D:8)
  8 ogres
  A wolf (D:7)
  A crocodile (D:8)
  2 big kobolds
  3 scorpions
  6 killer bees
  2 centaur zombies
  A crimson imp (D:7)
  A bullfrog zombie (D:7)
  2 jellies
  6 orc wizards
  3 orc priests
  5 hounds
  An iguana (D:5)
  4 worker ants
  2 hound skeletons
  Robin (D:2)
  4 gnolls
  11 adders
  A shadow imp (D:7)
  2 oozes
  An adder skeleton (D:6)
  A worm (D:4)
  3 dart slugs (D:2)
  7 leopard geckos
  21 orcs
  3 ball pythons
  5 giant cockroaches
  17 goblins
  10 hobgoblins
  6 jackals
  4 quokkas
  12 bats
  6 frilled lizards
  A jackal skeleton (D:5)
  24 kobolds
  A leopard gecko zombie (D:6)
  12 rats
221 creatures vanquished.

Vanquished Creatures (collateral kills)
  A hippogriff (D:7)
  A human (D:9)
  A porcupine (D:8)
  2 wolves
  4 bullfrogs
  A water moccasin zombie (D:7)
  An orc priest (D:9)
  An iguana (D:5)
  A worker ant (D:8)
  An orc wizard (D:6)
  A killer bee zombie (D:6)
  A leopard gecko (D:7)
  An orc (D:8)
17 creatures vanquished.

Vanquished Creatures (others)
  A slave (D:8)
  An orc wizard (D:8)
  8 ancestors
  An orc (D:8)
  A jackal (D:8)
  21 fungi (D:8)
  A plant (D:8)
34 creatures vanquished.

Grand Total: 272 creatures vanquished

Notes
Turn   | Place    | Note
-------+----------+-------------------------------------------
     0 | D:1      | Firecrotchwizard the Merfolk Gladiator began the quest for the Orb.
     0 | D:1      | Reached XP level 1. HP: 16/16 MP: 1/1
    59 | D:1      | Reached XP level 2. HP: 21/23 MP: 2/2
   123 | D:1      | Reached skill level 5 in Polearms
   337 | D:1      | Reached XP level 3. HP: 17/28 MP: 3/3
   752 | D:2      | Gained mutation: Your flesh is heat resistant. (rF+) [potion of mutation]
   752 | D:2      | Gained mutation: Your muscles are strong. (Str +2) [potion of mutation]
   752 | D:2      | Gained mutation: You are resistant to hostile enchantments. (MR+) [potion of mutation]
   752 | D:2      | HP: 7/28 [worker ant (6)]
   757 | D:2      | Reached skill level 3 in Fighting
   757 | D:2      | Reached skill level 6 in Polearms
   757 | D:2      | Reached XP level 4. HP: 13/35 MP: 4/4
  1071 | D:2      | Found an opulent altar of Gozag.
  1231 | D:2      | Reached skill level 5 in Dodging
  1231 | D:2      | Reached XP level 5. HP: 41/41 MP: 5/5
  1417 | D:3      | Noticed Robin
  1457 | D:2      | Killed Robin
  1459 | D:2      | Got a spiked helmet
  1470 | D:2      | Identified the +2 helmet of Lucidity {rCorr Int+4} (You took it off Robin on level 2 of the Dungeon)
  1627 | D:2      | Reached skill level 7 in Polearms
  1805 | D:2      | Reached XP level 6. HP: 34/48 MP: 6/6
  2078 | D:3      | Noticed scythe's ghost (amateur DsFi)
  2133 | D:3      | Killed scythe's ghost
  2133 | D:3      | Reached skill level 4 in Fighting
  2133 | D:3      | Reached skill level 8 in Polearms
  2164 | D:3      | Reached skill level 6 in Dodging
  2164 | D:3      | Reached XP level 7. HP: 55/55 MP: 7/7
  3041 | D:4      | Noticed aubilenon's ghost (amateur OpTm)
  3485 | D:4      | Reached skill level 9 in Polearms
  3596 | D:4      | Killed aubilenon's ghost
  3596 | D:4      | Reached skill level 5 in Fighting
  3742 | D:5      | Entered Level 5 of the Dungeon
  3760 | D:5      | Reached skill level 10 in Polearms
  3760 | D:5      | Reached skill level 7 in Dodging
  3760 | D:5      | Reached XP level 8. HP: 43/62 MP: 8/8
  4159 | D:5      | Found a basalt altar of Yredelemnul.
  4308 | D:5      | Reached skill level 11 in Polearms
  4484 | D:5      | Found a staircase to the Ecumenical Temple.
  4490 | Temple   | Entered the Ecumenical Temple
  4535 | Temple   | Became a worshipper of Hepliaklqana the Forgotten
  4635 | D:5      | Reached skill level 6 in Fighting
  4749 | D:6      | Reached skill level 8 in Dodging
  4971 | D:6      | Reached XP level 9. HP: 63/63 MP: 7/9
  5146 | D:6      | Reached skill level 12 in Polearms
  5820 | D:6      | You fall through a shaft for 3 floors!
  5854 | D:9      | Reached * piety under Hepliaklqana
  5859 | D:9      | Noticed a two-headed ogre
  5900 | D:9      | Killed a two-headed ogre
  5900 | D:9      | Reached skill level 7 in Fighting
  5900 | D:9      | Reached skill level 13 in Polearms
  5900 | D:9      | Reached skill level 9 in Dodging
  5967 | D:9      | Got a brightly glowing plate armour
  6038 | D:8      | Noticed Psyche
  6055 | D:9      | Killed Psyche
  6055 | D:9      | Reached XP level 10. HP: 61/72 MP: 8/10
  6106 | D:9      | Reached skill level 14 in Polearms
  6112 | D:9      | Reached skill level 8 in Fighting
  6118 | D:9      | Reached skill level 10 in Dodging
  6454 | D:6      | HP: 16/73 [killer bee (5)]
  6459 | D:6      | HP: 11/73 [poisoned by a killer bee]
  6814 | D:7      | Identified Nelol's Disquisition on Clay and the Entourage
  6873 | D:7      | Reached skill level 15 in Polearms
  7140 | D:8      | Noticed Pikel
  7176 | D:8      | Noticed Grum
  7313 | D:8      | Killed Grum
  7394 | D:8      | Found Emmaf's Jewellery Shop.
  7400 | D:8      | Reached skill level 9 in Fighting
  7434 | D:8      | Reached skill level 11 in Dodging
  7485 | D:8      | Killed Pikel
  7548 | D:8      | Reached XP level 11. HP: 71/80 MP: 7/11
  7603 | D:8      | Noticed a two-headed ogre
  7615 | D:8      | Noticed Joseph
  7635 | D:7      | Killed a two-headed ogre
  7635 | D:7      | Reached skill level 16 in Polearms
  7938 | D:8      | Noticed a two-headed ogre
  7958 | D:8      | Found a staircase to the Lair.
  7979 | D:9      | HP: 19/80 [slime creature (8)]
  7994 | D:9      | HP: 10/80 [large slime creature (15)]
  7999 | D:9      | Demolished by a titanic slime creature

Vault maps used:
D:1:      zelgadis_glass_arrival_small
D:2:      hangedman_decor_opposing,
          nicolae_gozag_cash_rules_everything_around_me
D:3:      minmay_door_path, first_ration, uniq_robin
D:4:      kennysheep_generic_room_4
D:5:      yredelemnul_altar_generic, minmay_temple_entry_enclosed_plants,
          grunt_ministairs_11
D:6:      grunt_ministairs_6, hangedman_decor_growths
D:8:      due_lair_maze_entry_diamond, serial_shops, kennysheep_mini,
          uniq_joseph, uniq_psyche, uniq_grum, uniq_pikel
D:9:      serial_shops, kennysheep_little_box, grunt_pizzeria
Temple:   kilobyte_greek_temple

Skill      XL: |  1  2  3  4  5  6  7  8  9 10 11 |
---------------+----------------------------------+-----
Polearms       | 5 6 7 8 10 11 13 15 16 | 16.3
Fighting       | 3 4 5 6 7 9 |  9.5
Dodging        | 5 6 7 8 9 11 | 11.5
Throwing       | |  2.0

Action                   |  1- 3 |  4- 6 |  7- 9 | 10-12 || total
-------------------------+-------+-------+-------+-------++-------
Melee: Trident           |   140 |   205 |   379 |   316 ||  1040
Invok: Recall Ancestor   |       |       |     2 |     2 ||     4
 Abil: Evoke Flight      |       |       |       |     1 ||     1
  Use: Potion            |     4 |       |       |     1 ||     5
       Scroll            |       |     2 |     2 |     3 ||     7
 Stab: Distracted        |       |       |     1 |     1 ||     2
  Eat: Chunk             |       |     2 |     6 |     4 ||    12
       Ration            |       |     2 |     2 |     2 ||     6
Armor: Ring mail         |    67 |    62 |    68 |    60 ||   257
       Leather armour    |     1 |       |       |       ||     1
Dodge: Dodged            |   112 |   111 |   160 |   237 ||   620

Table legend:
 A = Spawn XP
 B = Non-spawn XP
 C = Spawn XP percentage of total XP
 D = Spawn monster count
 E = Non-spawn monster count
 F = Spawn count percentage of total count
 G = Total turns spent on level
                    A         B        C        D         E        F      G
               +---------+---------+-------+---------+---------+-------+---------
         Total |       0 |   10548 |   0.0 |       0 |     238 |   0.0 |  7999
               +---------+---------+-------+---------+---------+-------+---------
           D:1 |       0 |      52 |   0.0 |       0 |      30 |   0.0 |   640
           D:2 |       0 |     201 |   0.0 |       0 |      38 |   0.0 |  1228
           D:3 |       0 |     451 |   0.0 |       0 |      41 |   0.0 |   933
           D:4 |       0 |     468 |   0.0 |       0 |      11 |   0.0 |   941
           D:5 |       0 |     753 |   0.0 |       0 |      13 |   0.0 |   834
           D:6 |       0 |    1056 |   0.0 |       0 |      26 |   0.0 |  1440
           D:7 |       0 |    2460 |   0.0 |       0 |      30 |   0.0 |   991
           D:8 |       0 |    2452 |   0.0 |       0 |      26 |   0.0 |   467
           D:9 |       0 |    2655 |   0.0 |       0 |      23 |   0.0 |   441
               +---------+---------+-------+---------+---------+-------+---------

Vault maps used:
D:1:      zelgadis_glass_arrival_small
D:2:      hangedman_decor_opposing,
          nicolae_gozag_cash_rules_everything_around_me
D:3:      minmay_door_path, first_ration, uniq_robin
D:4:      kennysheep_generic_room_4
D:5:      yredelemnul_altar_generic, minmay_temple_entry_enclosed_plants,
          grunt_ministairs_11
D:6:      grunt_ministairs_6, hangedman_decor_growths
D:8:      due_lair_maze_entry_diamond, serial_shops, kennysheep_mini,
          uniq_joseph, uniq_psyche, uniq_grum, uniq_pikel
D:9:      serial_shops, kennysheep_little_box, grunt_pizzeria
Temple:   kilobyte_greek_temple

Table legend:
 A = Turns spent in this place as a percentage of turns spent in the entire game.
 B = Non-inter-level travel turns spent in this place as a percentage of non-inter-level travel turns spent in the entire game.
 C = Inter-level travel turns spent in this place as a percentage of turns spent in this place.
 D = Turns resting spent in this place as a percentage of non-inter-level travel turns spent in this place.
 E = Turns spent auto-exploring this place as a percentage of non-inter-level travel turns spent in this place.
 F = Non-inter-level travel turns spent in this place divided by the number of levels of this place that you've seen.
                   A       B       C       D       E      F
               +-------+-------+-------+-------+-------+----------------------
         Total | 100.0 | 100.0 |   3.4 |  25.7 |  47.2 | 772.8
       Dungeon |  98.9 |  99.4 |   2.9 |  25.9 |  47.0 | 853.6
        Temple |   1.1 |   0.6 |  45.2 |   0.0 |  67.4 |  46.0
               +-------+-------+-------+-------+-------+----------------------

Table legend:
 A = Kills in this place as a percentage of kills in entire the game.
 B = Kills by you in this place as a percentage of kills by you in the entire game.
 C = Kills by friends in this place as a percentage of kills by friends in the entire game.
 D = Other kills in this place as a percentage of other kills in the entire game.
 E = Experience gained in this place as a percentage of experience gained in the entire game.
 F = Experience gained in this place divided by the number of levels of this place that you have seen.
                   A       B       C       D       E      F
               +-------+-------+-------+-------+-------+----------------------
         Total | 100.0 | 100.0 | 100.0 |   N/A | 100.0 | 1054.8
       Dungeon | 100.0 | 100.0 | 100.0 |   N/A | 100.0 | 1172.0
               +-------+-------+-------+-------+-------+----------------------
